 Dungeon Crawl Stone Soup version 0.29.1-15-g9cfb28693d (webtiles) character file.

Game seed: 3780646560069504681

71 ThatPearl the Chopper (level 4, -2/41 HPs)
             Began as a Gnoll Cinder Acolyte on Mar 22, 2023.
             Was a High Priest of Ignis.
             Killed from afar by Ijyb (15 damage)
             ... with a bolt of light
             ... on level 3 of the Dungeon.
             The game lasted 00:05:52 (2169 turns).

ThatPearl the Chopper (Gnoll Cinder Acolyte)        Turns: 2169, Time: 00:05:53

Health: -2/41      AC:  6    Str: 13    XL:     4   Next: 24%
Magic:  8/8        EV: 10    Int: 15    God:    Ignis [*****.]
Gold:   78         SH:  0    Dex: 14    Spells: 4/9 levels left

rFire   + + .      SeeInvis +   i - +1 spear (vamp)
rCold   . . .      Faith    .   (no shield)
rNeg    . . .      Spirit   .   n - +1 ring mail {rF+}
rPois   .          Reflect  .   (no helmet)
rElec   .          Harm     .   (no cloak)
rCorr   .          Rampage  .   (no gloves)
Will    .....                   (no boots)
Stlth   +.........              (no amulet)
HPRegen 0.13/turn               h - ring of see invisible
MPRegen 0.11/turn               l - +6 ring of dexterity

@: no status effects
A: fangs 1, strong nose, distributed training
a: Renounce Religion, Fiery Armour, Foxfire Swarm, Rising Flame


You were on level 3 of the Dungeon.
You worshipped Ignis.
Ignis was extremely pleased with you.
You visited 1 branch of the dungeon, and saw 3 of its levels.

You collected 78 gold pieces.

Inventory:

Hand Weapons
 a - a -1 hand axe of flaming
 i - a +1 vampiric spear (weapon)
 p - a +0 war axe
Missiles
 c - 25 stones (quivered)
Armour
 b - a +0 robe
 f - a +0 leather armour
 n - a +1 ring mail of fire resistance (worn)
 q - a +0 hat
Jewellery
 h - a ring of see invisible (left hand)
 l - a +6 ring of dexterity (right hand)
Scrolls
 j - a scroll of teleportation {unknown}
 m - a scroll of amnesia
 o - a scroll of enchant weapon {unknown}
 r - a scroll of identify {unknown}
Potions
 d - a potion of lignification {unknown}
 e - 2 potions of heal wounds {unknown}
 g - 2 potions of mutation {unknown}
 k - a potion of cancellation {unknown}
 s - a potion of curing {unknown}


   Skills:
 + Level 6.6 Fighting
 + Level 1.1 Short Blades
 + Level 1.1 Long Blades
 + Level 6.6 Axes
 + Level 1.1 Maces & Flails
 + Level 1.1 Polearms
 + Level 1.1 Staves
 + Level 1.1 Ranged Weapons
 + Level 1.1 Throwing
 + Level 1.1 Armour
 + Level 1.1 Dodging
 + Level 1.1 Stealth
 + Level 1.1 Shields
 + Level 1.1 Unarmed Combat
 + Level 3.0 Spellcasting
 + Level 0.9 Conjurations
 + Level 0.9 Hexes
 + Level 0.9 Summonings
 + Level 0.9 Necromancy
 + Level 0.9 Translocations
 + Level 0.9 Transmutations
 + Level 5.4 Fire Magic
 + Level 0.9 Ice Magic
 + Level 0.9 Air Magic
 + Level 0.9 Earth Magic
 + Level 0.9 Poison Magic
 + Level 1.2 Invocations
 + Level 1.1 Evocations


You had 4 spell levels left.
You knew the following spells:

 Your Spells              Type           Power      Damage    Failure   Level
c - Mephitic Cloud        Conj/Pois/Air  5%         N/A       65%         3
s - Scorch                Fire           36%        2d7       7%          2

Your spell library contained the following spells:

 Spells                   Type           Power      Damage    Failure   Level
 Ignite Poison            Fire/Tmut/Pois 9%         N/A       43%         3
 Freezing Cloud           Conj/Ice/Air   2%         6-21      100%        5


Dungeon Overview and Level Annotations

Branches:
Dungeon (3/15)

Altars:

Shops:
D:2 (

Portals:
Sewer: D:3

Annotations:
D:3 Ijyb, Terence


Innate Abilities, Weirdness & Mutations

You have very sharp teeth.
Your uncanny sense of smell can sniff out nearby items.
Your experience applies equally to all skills.


Message History

Things that are here:
a +0 dagger; a goblin corpse You climb downwards.
You hear the sound of rushing water.
There is an entrance to a sewer on this level.
Hurry and find it before the portal rusts away!
You hear the rusting of a drain very nearby.
There is a stone staircase leading up, spattered with blood here.
Found a brown potion.
Found a murky inky potion.
s - a cyan potion
Found a plate armour.
Found a leather armour.
e - 2 brown potions (gained 1)
A worm and Terence come into view.
Found a dagger.
Terence shouts!
Ijyb the Twisted Goblin comes into view.
She is wielding a +0 club and carrying a wand of light (8).
The worm moves out of view.
Found a glowing drain.
Ijyb shouts!
You hear a shout!
A rat comes into view.
A hobgoblin comes into view.
A bat comes into view.
A river rat comes into view.
The rat bites you but does no damage.
You see here a +0 dagger.
The rat attacks as you move away! The rat bites you but does no damage.
A river rat comes into view.
Found a scroll labelled FIAVAI DOPE.
The bat closely misses you.
Ijyb screams, "Get away!"
Ijyb zaps a wand.
The bolt of light hits the bat!
The bat dies!
The bolt of light hits you! The rat barely misses you. The worm bites you.
You enter the shallow water.
Moving in this stuff is going to be slow.
Found a stone staircase leading down.
Ijyb zaps a wand.
The bolt of light hits the rat!
The rat dies!
The bolt of light hits you!
You die...

..... ...>. . #.
##...######
.##.##.........# ∆...
..............### @.
#..##...~~~......
..#..##..~~~~~?.##
#.#[.##..~~@~~...#
#.#g.##..†~rr~...#
#####....@g..w~~~....#
.........##............
######..##..!......... #
#
#..###.#..########.#..#.
#..###.##.# ####.#.#.#
####..#........ .
......#.#
#................
.)...#.#


You could see Ijyb, Terence, a worm and 2 river rats.

Vanquished Creatures
  2 adders
  A river rat (D:2)
  2 dart slugs (D:1)
  3 giant cockroaches
  7 goblins
  4 hobgoblins
  A quokka (D:2)
  2 ball pythons
  6 bats
  3 frilled lizards
  4 kobolds
  7 rats
42 creatures vanquished.

Vanquished Creatures (others)
  A bat (D:3)
  A rat (D:3)
2 creatures vanquished.

Grand Total: 44 creatures vanquished

Notes
Turn   | Place    | Note
-------+----------+-------------------------------------------
     0 | D:1      | ThatPearl the Gnoll Cinder Acolyte began the quest for the
                  | Orb.
     0 | D:1      | Reached XP level 1. HP: 23/23 MP: 4/4
   196 | D:1      | Reached XP level 2. HP: 29/29 MP: 5/5
   588 | D:1      | Reached XP level 3. HP: 27/35 MP: 7/7
   591 | D:1      | Learned a level 2 spell: Scorch
   595 | D:1      | Learned a level 3 spell: Mephitic Cloud
   961 | D:2      | Found Ojiune's Antique Weapon Boutique.
  1371 | D:2      | Reached skill level 1 in Invocations
  2071 | D:3      | Reached skill level 1 in Short Blades
  2071 | D:3      | Reached skill level 1 in Long Blades
  2071 | D:3      | Reached skill level 1 in Maces & Flails
  2071 | D:3      | Reached skill level 1 in Polearms
  2071 | D:3      | Reached skill level 1 in Staves
  2071 | D:3      | Reached skill level 1 in Ranged Weapons
  2071 | D:3      | Reached skill level 1 in Throwing
  2071 | D:3      | Reached skill level 1 in Armour
  2071 | D:3      | Reached skill level 1 in Dodging
  2071 | D:3      | Reached skill level 1 in Stealth
  2071 | D:3      | Reached skill level 1 in Shields
  2071 | D:3      | Reached skill level 1 in Unarmed Combat
  2071 | D:3      | Reached skill level 1 in Evocations
  2102 | D:3      | Reached XP level 4. HP: 40/41 MP: 8/8
  2161 | D:3      | Noticed Terence
  2161 | D:3      | Noticed Ijyb
  2162 | D:3      | Found a glowing drain.
  2169 | D:3      | Killed from afar by Ijyb

Illustrated notes

Levels and vault maps discovered:
D:1:      heliophobic_arrival_henge, layout_rooms, grunt_decor_junction
D:2:      layout_basic, serial_shops, nicolae_shop_waterfront, shop,
          shop_statue, minmay_unequal
D:3:      layout_loops_ring, portal_sewer_entry_a, uniq_terence, uniq_ijyb

Skill      XL: |  1  2  3  4 |
---------------+-------------+-----
Invocations    | 1 |  1.2
Short Blades   | 1 |  1.1
Long Blades    | 1 |  1.1
Maces & Flails | 1 |  1.1
Polearms       | 1 |  1.1
Staves         | 1 |  1.1
Ranged Weapons | 1 |  1.1
Throwing       | 1 |  1.1
Armour         | 1 |  1.1
Dodging        | 1 |  1.1
Stealth        | 1 |  1.1
Shields        | 1 |  1.1
Unarmed Combat | 1 |  1.1
Evocations     | 1 |  1.1
Spellcasting   | 3 |  3.0
Fighting       | |  6.6
Axes           | |  6.6
Conjurations   | |  0.9
Hexes          | |  0.9
Summonings     | |  0.9
Necromancy     | |  0.9
Translocations | |  0.9
Transmutations | |  0.9
Fire Magic     | |  5.4
Ice Magic      | |  0.9
Air Magic      | |  0.9
Earth Magic    | |  0.9
Poison Magic   | |  0.9

Action                   |  1- 3 |  4- 6 || total
-------------------------+-------+-------++-------
Melee: Hand axe          |    62 |       ||    62
       Bite              |     9 |     1 ||    10
       Spear             |    47 |    19 ||    66
       Punch             |     1 |       ||     1
  Use: Scroll            |     1 |       ||     1
Armor: Robe              |    22 |       ||    22
       Ring mail         |    18 |    26 ||    44
Dodge: Dodged            |    62 |    25 ||    87
